 Dungeon Crawl Stone Soup version 0.20.1-1-g8b1a95d (webtiles) character file.

1341 AverageBear the Nimble (level 8, 45/45 HPs)
             Began as a Deep Elf Fighter on July 21, 2017.
             Was a Believer of Ashenzari.
             Quit the game on level 5 of the Dungeon.
             The game lasted 00:06:40 (5746 turns).

AverageBear the Nimble (Deep Elf Fighter)           Turns: 5746, Time: 00:06:41

Health: 45/45      AC:  6    Str: 15    XL:     8   Next: 35%
Magic:  10/10      EV: 11    Int: 14    God:    Ashenzari [**....]
Gold:   327        SH:  8    Dex: 14    Spells: 7/7 levels left

rFire    . . .     SeeInvis .   t - +0 long sword (protect)
rCold    . . .     Gourm    .   c - +0 shield
rNeg     . . .     Faith    .   b - +0 scale mail
rPois    .         Spirit   .   m - +0 helmet (curse)
rElec    .         Reflect  .   g - +0 cloak (curse)
rCorr    .         Harm     .   (no gloves)
MR       .....                  (no boots)
Stlth    ..........             (no amulet)
Regen    0.2/turn               (no ring)
MPRegen  0.2/turn               (no ring)

@: no status effects
A: claws 1, deformed body
a: Curse Item, Scrying, Renounce Religion


You were on level 5 of the Dungeon.
You worshipped Ashenzari.
Ashenzari was pleased with you.
You were not hungry.

You visited 1 branch of the dungeon, and saw 5 of its levels.

You collected 327 gold pieces.

Inventory:

Hand Weapons
 a - a +1 rapier
 t - a +0 long sword of protection (weapon)
Missiles
 u - a throwing net (quivered)
Armour
 b - a +0 scale mail (worn)
 c - a +0 shield (worn)
 g - a cursed +0 cloak (worn)
 m - a cursed +0 helmet (worn)
 y - a +1 helmet
Jewellery
 s - a +5 ring of dexterity
Scrolls
 q - a scroll of recharging
 v - 2 scrolls of identify
Potions
 e - a potion of magic
 i - 4 potions of curing
 j - a potion of might
 l - a potion of brilliance
 o - 2 potions of cancellation
 p - 2 potions of heal wounds
 r - 2 potions of flight
 x - a potion of berserk rage
 z - a potion of resistance {unknown}
Books
 n - a book of Minor Magic

   Spells                             Type                      Level
   a - Magic Dart                     Conjuration                  1
   b - Blink                          Translocation                2
   c - Call Imp                       Summoning                    2
   d - Slow                           Hexes                        2
   e - Conjure Flame                  Conjuration/Fire             3
   f - Mephitic Cloud                 Conjuration/Poison/Air       3
 w - a book of Geomancy

   Spells                             Type                      Level
   a - Sandblast                      Earth                        1
   b - Passwall                       Transmutation/Earth          2
   c - Stone Arrow                    Conjuration/Earth            3
   d - Petrify                        Transmutation/Earth          4
   e - Lee's Rapid Deconstruction     Earth                        5
Comestibles
 f - 6 bread rations
 h - 3 meat rations
 k - 2 royal jellies
 A - 5 chunks of flesh


   Skills:
 - Level 2.4 Fighting
 - Level 7.4 Short Blades
 + Level 3.0 Armour
 - Level 8.1 Dodging
 - Level 2.4 Shields


You had 7 spell levels left.
You didn't know any spells.

Dungeon Overview and Level Annotations

Branches:
Dungeon (5/15)
 Temple: D:4-7

Altars:
Ashenzari
Fedhas
Kikubaaqudgha
Qazlal
Vehumet


Innate Abilities, Weirdness & Mutations

You have sharp fingernails.
Armour fits poorly on your strangely shaped body.


Message History

No target in view!
No target in view!
No target in view!
No target in view!
No target in view!
No target in view!
No target in view!
No target in view!
No target in view!
k - 2 royal jellies (gained 1)
You see here an uncursed leather armour.
You see here a +1 helmet.
y - a +1 helmet Wear which item? (? for menu, Esc to quit)
Okay, then.
As you read the scroll labeled OTIASKAUWUT, it crumbles to dust.
You hear a loud clanging noise!
It was a scroll of noise.
You hear a shout! x3
Are you sure you want to abandon this character and quit the game? (Confirm with "yes".)

#.# ##..###.# #..+##.# #.#.# #.#
#.......# ##...#.# #.#.# #.#
###...##..# ##......###....
##.####.........###........####..
........#.^.................).)..
.................................
.#.##.###..###########..####P....
.#.##.# #..# +)..#..#..#..#P....
...##.# #..# #.@.#).#P.'..#.....
...##.# #..####.[.##'#..####...#.
.####.# #.....###'#............#.
.####.# #.....................[..
......# #.............##'####....
#########...##'#..#####.)#).#...#
#######.....#))#..#...#..'..#...#
...#....#...#..#.÷)...#######...#
.♣.#.#..#...####..#####...P......


There were no monsters in sight!

Vanquished Creatures
  Grinder (D:3)
  Sigmund (D:2)
  A sky beast (D:5)
  An ogre (D:5)
  A phantom (D:4)
  A water moccasin skeleton (D:5)
  A crimson imp (D:5)
  6 orc wizards
  Crazy Yiuf (D:3)
  A centaur skeleton (D:5)
  Terence (D:3)
  An iguana (D:5)
  Natasha (thrice) (D:3)
  3 worker ants
  A hound skeleton (D:5)
  10 adders
  A shadow imp (D:5)
  2 oozes
  3 worms
  A dart slug (D:2)
  4 leopard geckos
  13 orcs
  5 giant cockroaches
  10 goblins
  9 hobgoblins
  6 jackals
  2 quokkas
  8 bats
  5 frilled lizards
  8 kobolds
  A leopard gecko zombie (D:5)
  10 rats
122 creatures vanquished.

Notes
Turn   | Place    | Note
-------+----------+-------------------------------------------
     0 | D:1      | AverageBear the Deep Elf Fighter began the quest for the Orb.
     0 | D:1      | Reached XP level 1. HP: 13/13 MP: 3/3
   200 | D:1      | Reached XP level 2. HP: 18/18 MP: 4/4
  1019 | D:2      | Noticed Sigmund
  1026 | D:2      | Killed Sigmund
  1026 | D:2      | Reached skill level 5 in Short Blades
  1026 | D:2      | Reached XP level 3. HP: 16/22 MP: 5/5
  1026 | D:2      | Reached XP level 4. HP: 20/27 MP: 6/6
  1026 | D:2      | Reached XP level 5. HP: 23/31 MP: 7/7
  1332 | D:2      | Found a shattered altar of Ashenzari.
  1351 | D:2      | Became a worshipper of Ashenzari the Shackled
  1850 | D:3      | Noticed Natasha
  1879 | D:3      | Killed Natasha
  1956 | D:3      | Noticed Grinder
  1956 | D:3      | Paralysed by Grinder for 6 turns
  1973 | D:3      | Paralysed by Grinder for 2 turns
  1975 | D:3      | Killed Grinder
  1975 | D:3      | Reached XP level 6. HP: 3/36 MP: 8/8
  2462 | D:3      | Reached skill level 1 in Dodging
  2523 | D:3      | Found a runed door.
  2590 | D:3      | Noticed Terence
  2605 | D:3      | Killed Terence
  2605 | D:3      | Reached XP level 7. HP: 35/40 MP: 9/9
  2639 | D:3      | Reached skill level 2 in Dodging
  2728 | D:3      | Noticed Natasha
  2733 | D:3      | Killed Natasha
  2804 | D:3      | Reached * piety under Ashenzari
  2942 | D:3      | Noticed Natasha
  2957 | D:3      | Killed Natasha
  2957 | D:3      | Reached skill level 3 in Dodging
  3067 | D:3      | Noticed Crazy Yiuf
  3086 | D:3      | Killed Crazy Yiuf
  3369 | D:4      | Reached skill level 4 in Dodging
  3860 | D:4      | Reached skill level 5 in Dodging
  4533 | D:5      | Entered Level 5 of the Dungeon
  4544 | D:5      | Reached skill level 6 in Dodging
  4833 | D:5      | Found an ancient bone altar of Kikubaaqudgha.
  4913 | D:5      | Reached XP level 8. HP: 42/45 MP: 10/10
  4943 | D:5      | Reached skill level 7 in Dodging
  5015 | D:5      | Gained mutation: Armour fits poorly on your strangely shaped body. [mutagenic meat]
  5017 | D:5      | Gained mutation: You have sharp fingernails. [mutagenic meat]
  5306 | D:5      | Found a blossoming altar of Fedhas.
  5307 | D:5      | Found a radiant altar of Vehumet.
  5411 | D:5      | Found a stormy altar of Qazlal.
  5489 | D:5      | Reached ** piety under Ashenzari
  5616 | D:5      | Reached skill level 8 in Dodging
  5746 | D:5      | Quit the game

Skill      XL: |  1  2  3  4  5  6  7  8 |
---------------+-------------------------+-----
Short Blades   | 5 7 |  7.4
Dodging        | 1 6 8 |  8.1
Armour         | 3 |  3.0
Fighting       | |  2.4
Shields        | |  2.4

Action                   |  1- 3 |  4- 6 |  7- 9 || total
-------------------------+-------+-------+-------++-------
Melee: Rapier            |    75 |   167 |   164 ||   406
       Long sword        |       |       |   171 ||   171
Invok: Curse Item        |       |       |     2 ||     2
  Use: Potion            |     1 |     1 |     3 ||     5
       Scroll            |       |     6 |     7 ||    13
 Stab: Invisible         |       |       |     2 ||     2
  Eat: Chunk             |       |     6 |    13 ||    19
Armor: Scale mail        |    39 |    85 |   134 ||   258
Dodge: Dodged            |    22 |    43 |   138 ||   203
Block: Shield            |    39 |    78 |   129 ||   246
       Rpst.: Long sword |       |       |    31 ||    31
